[Event "Titled Tuesday Blitz March 29 Early 2022"]
[White "Ezat, Mohamed"]
[Black "Rustemov, Alexander"]
[WhiteFideId "10600906"]
[BlackFideId "4119002"]
[WhiteElo "2386"]
[BlackElo "2761"]
[Result "1-0"]
[Round "04"]
[TimeControl "180+1"]
[Date "2022.03.29"]
[WhiteClock "0:00:07"]
[BlackClock "0:00:09"]

1. d4 d5 2. c4 e6 3. Nc3 Nf6 4. cxd5 exd5 5. Bg5 Be7 6. e3 O-O 7. Bd3 c6 8. Qc2 h6 9. Bxf6 Bxf6 10. Nge2 Re8 11. O-O Nd7 12. b4 a6 13. Na4 Be7 14. Nc5 Nf6 15. a4 Bd6 16. h3 Bc7 17. b5 Qd6 18. Ng3 Nh5 19. e4 Nxg3 20. e5 Qe7 21. fxg3 axb5 22. axb5 Rxa1 23. Rxa1 b6 24. Na6 c5 25. Nxc7 Qxc7 26. Rf1 Be6 27. Qf2 cxd4 28. Qxd4 Rc8 29. Kh2 Qc5 30. Qf4 Qc3 31. Bb1 Qc4 32. Qf2 Qxb5 33. Bf5 Qc5 34. Qf4 Qe7 35. g4 Re8 36. Bb1 Bd7 37. Re1 Be6 38. Qd4 Qc5 39. Qd3 g6 40. Qd2 Kh7 41. Qf4 d4 42. h4 Qe7 43. Qf2 Rd8 44. h5 d3 45. hxg6+ fxg6 46. Rd1 Bxg4 47. Rxd3 Qxe5+ 48. Rg3 h5 49. Qf7+ Qg7 50. Bxg6+ Kh6 51. Bxh5 Qxf7 52. Bxf7 Be2 53. Rg6+ Kh7 54. Rxb6 Kg7 55. Be6 Bd3 56. Bg4 Bg6 57. Bf3 Rf8 58. Kg3 Rf6 59. Rb7+ Rf7 60. Rb4 Rf6 61. Kg4 Rf7 62. Kg5 Rf5+ 63. Kh4 Rf7 64. Bg4 Rf6 65. Kg5 Rd6 66. Rb7+ Bf7 67. g3 Rd5+ 68. Bf5 Kf8 69. Kf6 Rd6+ 70. Ke5 Rd5+ 71. Kf4 Rd4+ 72. Kg5 Rd5 73. g4 Be6 74. Kf6 Bf7 75. Rxf7+ Ke8 76. Rc7 Rd6+ 77. Be6 Rd1 78. Rc8+ Rd8 79. Rxd8+ Kxd8 80. Kf7 Kc7 81. g5 Kd6 82. g6 1-0


[Site "https://www.chess.com"]

[Event "Titled Tuesday Blitz March 29 Early 2022"]
[White "FGHSMN"]
[Black "Tan, Jun Ying"]
[BlackFideId "5710413"]
[WhiteElo "2759"]
[BlackElo "2561"]
[Result "1-0"]
[Round "04"]
[TimeControl "180+1"]
[Date "2022.03.30"]
[WhiteClock "0:00:15"]
[BlackClock "0:00:05"]

1. d4 Nf6 2. Nf3 c5 3. e3 e6 4. Bd3 d5 5. O-O Bd6 6. c3 O-O 7. Nbd2 Nc6 8. dxc5 Bxc5 9. b4 Bd6 10. Bb2 e5 11. e4 Ne7 12. Re1 Ng6 13. exd5 Nxd5 14. Bxg6 hxg6 15. Nc4 Bc7 16. Ncxe5 Nf4 17. Qxd8 Rxd8 18. Rad1 Be6 19. g3 Nd5 20. Nxg6 Bg4 21. Rxd5 Bxf3 22. Ne7+ Kf8 23. Rf5 Bg4 24. Rg5 Be6 25. Nf5 Rd5 26. g4 g6 27. c4 Rd2 28. Bg7+ Kg8 29. Bf6 Bb6 30. Ne7+ Kf8 31. c5 Bc7 32. Nxg6+ fxg6 33. Rxe6 Kf7 34. Bc3 Rd1+ 35. Re1 Rd3 36. Ba1 Bd8 37. Rge5 Bf6 38. R5e2 Bxa1 39. Rxa1 Rd4 40. f3 Rxb4 41. Rae1 Rc4 42. Re7+ Kf6 43. Rxb7 Rxc5 44. Re2 a5 45. Rb3 g5 46. Kg2 Ra6 47. Kg3 a4 48. Rbe3 a3 49. h4 gxh4+ 50. Kxh4 Rb5 51. f4 Rb2 52. f5 Rxe2 53. Rxe2 Rb6 54. Re3 Rb2 55. Rxa3 Rxa2 56. Rxa2 1-0


[Site "https://www.chess.com"]

[Event "Titled Tuesday Blitz March 29 Early 2022"]
[White "Fathy, Elameir"]
[Black "Johnson, Ben"]
[WhiteFideId "10600396"]
[BlackFideId "2010917"]
[WhiteElo "2311"]
[BlackElo "2209"]
[Result "1-0"]
[Round "04"]
[TimeControl "180+1"]
[Date "2022.03.30"]
[WhiteClock "0:00:06"]
[BlackClock "0:00:01"]

1. d4 Nf6 2. c4 e6 3. Nf3 d5 4. g3 dxc4 5. Bg2 c5 6. O-O Nc6 7. dxc5 Qxd1 8. Rxd1 Bxc5 9. Nbd2 c3 10. bxc3 O-O 11. Nb3 Be7 12. Nfd4 Nxd4 13. cxd4 Nd5 14. Bb2 f5 15. Nc5 Bf6 16. Rac1 Rd8 17. e3 Kf7 18. Nd3 b6 19. Nf4 Rb8 20. Nxd5 exd5 21. Rc7+ Rd7 22. Bxd5+ Ke7 23. Ba3+ Kd8 24. Rxd7+ Bxd7 25. Rc1 g6 26. Bg8 h6 27. Bf7 g5 28. Bf8 f4 29. Bxh6 fxe3 30. fxe3 Ke7 31. Rc7 Kxf7 32. Rxd7+ Kg6 33. Rd6 Rh8 34. e4 Rxh6 35. e5 Kf5 36. Rxf6+ Rxf6 37. exf6 Kxf6 38. Kf2 Ke6 39. Ke3 b5 40. Kd3 a5 41. h4 gxh4 42. gxh4 1-0


[Site "https://www.chess.com"]

[Event "Titled Tuesday Blitz March 29 Early 2022"]
[White "Fedoseev, Vladimir"]
[Black "Priasmoro, Novendra"]
[WhiteFideId "24130737"]
[BlackFideId "7105029"]
[WhiteElo "2726"]
[BlackElo "2309"]
[Result "1-0"]
[Round "04"]
[TimeControl "180+1"]
[Date "2022.03.29"]
[WhiteClock "0:00:06"]
[BlackClock "0:00:08"]

1. e4 e5 2. Nf3 Nc6 3. Bb5 a6 4. Ba4 Nf6 5. O-O Nxe4 6. d4 b5 7. Bb3 d5 8. dxe5 Be6 9. c3 Bc5 10. Qe2 O-O 11. Be3 f6 12. Nbd2 Nxd2 13. Qxd2 Bxe3 14. Qxe3 fxe5 15. Ng5 Bg4 16. h3 Bh5 17. Ne6 Qd6 18. Nxf8 Rxf8 19. Qg5 Bf7 20. Rfe1 Re8 21. Rad1 Na5 22. Bc2 Nc4 23. b3 Nb6 24. Re3 Nd7 25. Rg3 Qf6 26. Qd2 e4 27. c4 bxc4 28. bxc4 c6 29. cxd5 cxd5 30. Bb3 Nb6 31. Rc3 Rd8 32. Qd4 Qd6 33. Rdc1 Nd7 34. Rc6 Qe5 35. Qd2 h6 36. Rc8 Rxc8 37. Rxc8+ Kh7 38. Qc3 Qf5 39. Rc7 Ne5 40. Qg3 Qf6 41. Bc2 h5 42. f3 Bg6 43. Qf2 exf3 44. Bxg6+ Kxg6 45. Rc3 fxg2 46. Rg3+ Kf7 47. Qxg2 h4 48. Qxd5+ Kf8 49. Rg2 Nf3+ 50. Kf1 Nd4+ 51. Rf2 1-0


[Site "https://www.chess.com"]

[Event "Titled Tuesday Blitz March 29 Early 2022"]
[White "Fier, Alexandr"]
[Black "Jumabayev, Rinat"]
[WhiteFideId "2107139"]
[BlackFideId "13702661"]
[WhiteElo "2571"]
[BlackElo "2561"]
[Result "0-1"]
[Round "04"]
[TimeControl "180+1"]
[Date "2022.03.29"]
[WhiteClock "0:01:02"]
[BlackClock "0:00:34"]

1. d4 e6 2. c4 d5 3. Nc3 Nf6 4. Nf3 Nbd7 5. cxd5 exd5 6. Bf4 c6 7. Rc1 Bb4 8. e3 Ne4 9. Nd2 Ndf6 10. Bd3 Bf5 11. Ndxe4 Bxe4 12. O-O Bxd3 13. Qxd3 O-O 14. Bg5 Re8 15. a3 Be7 16. Bxf6 Bxf6 17. b4 a6 18. a4 b5 19. a5 Re6 20. Ne2 Be7 21. Qc3 Bd6 22. g3 Rc8 23. Rc2 Qe7 24. Rb1 h5 25. h4 g5 26. hxg5 Qxg5 27. Kf1 h4 28. gxh4 Qxh4 29. Ng1 Rg6 30. Ke2 Rg2 31. Qe1 Bg3 32. Kd3 Bxf2 33. Qf1 Qe4+ 34. Kc3 Be1+ 35. Rxe1 Qxc2# 0-1


[Site "https://www.chess.com"]

[Event "Titled Tuesday Blitz March 29 Early 2022"]
[White "Flis, Pawel"]
[Black "Sanchez Alvares, Kelvin Antonio"]
[WhiteFideId "1112864"]
[BlackFideId "3906680"]
[WhiteElo "1735"]
[BlackElo "2193"]
[Result "0-1"]
[Round "04"]
[TimeControl "180+1"]
[Date "2022.03.30"]
[WhiteClock "0:00:22"]
[BlackClock "0:00:03"]

1. e4 e5 2. d4 exd4 3. Nf3 Nc6 4. Bc4 Bc5 5. O-O d6 6. c3 dxc3 7. Nxc3 Nf6 8. Bg5 h6 9. Bh4 Bg4 10. Qb3 O-O 11. Nd5 Bxf3 12. Bxf6 gxf6 13. Qxf3 Ne5 14. Nxf6+ Kh8 15. Qf5 Ng6 16. Nd7 Rg8 17. Nxc5 dxc5 18. Bxf7 Nh4 19. Qe5+ Rg7 20. g3 Nf3+ 21. Kg2 Nxe5 22. Rfd1 Qe7 23. Bb3 c4 24. Bc2 Nd3 25. f4 b5 26. e5 Nxf4+ 27. Kf3 Nd3 28. Bxd3 Rf8+ 29. Kg2 cxd3 30. Rxd3 Qe6 31. Rad1 Qf5 32. Rd4 Qf2+ 33. Kh3 Rf3 34. e6 Rfxg3+ 35. Kh4 Qxh2# 0-1


[Site "https://www.chess.com"]

[Event "Titled Tuesday Blitz March 29 Early 2022"]
[White "Fromm, Marius"]
[Black "Krysa, Leandro"]
[WhiteFideId "12993190"]
[BlackFideId "116807"]
[WhiteElo "2424"]
[BlackElo "2490"]
[Result "1-0"]
[Round "04"]
[TimeControl "180+1"]
[Date "2022.03.30"]
[WhiteClock "0:00:15"]
[BlackClock "0:00:05"]

1. e4 e5 2. Nf3 Nf6 3. Nxe5 d6 4. Nf3 Nxe4 5. d4 d5 6. Bd3 Nc6 7. Nbd2 Nd6 8. O-O Be7 9. Re1 O-O 10. Nf1 Nb4 11. Be2 c6 12. c3 Na6 13. Ng3 Nc7 14. Bd3 Re8 15. Bf4 Ne6 16. Bd2 g6 17. Ne5 Ng7 18. Qf3 Ngf5 19. a4 a5 20. Re2 Be6 21. Rae1 Bf8 22. Ng4 h5 23. Ne5 Bg7 24. Nxf5 Bxf5 25. Bxf5 Nxf5 26. Nxc6 Rxe2 27. Nxd8 Rxe1+ 28. Bxe1 Rxd8 29. Bd2 Bf6 30. h3 Kg7 31. g4 hxg4 32. hxg4 Nh4 33. Bh6+ Kxh6 34. Qxf6 Nf3+ 35. Qxf3 Re8 36. Kg2 Kg7 37. Qxd5 Re2 38. Qxb7 Rc2 39. d5 g5 40. d6 Rd2 41. d7 Kf6 42. Qb6+ Ke7 43. Qe3+ 1-0


[Site "https://www.chess.com"]

[Event "Titled Tuesday Blitz March 29 Early 2022"]
[White "Gabdrakhmanov, Azat"]
[Black "Fajdetic, Hrvoje"]
[WhiteFideId "34189197"]
[BlackFideId "14501945"]
[WhiteElo "2623"]
[BlackElo "2239"]
[Result "1-0"]
[Round "04"]
[TimeControl "180+1"]
[Date "2022.03.30"]
[WhiteClock "0:00:09"]
[BlackClock "0:00:01"]

1. e4 e6 2. d4 d5 3. e5 c5 4. c3 Nc6 5. Nf3 Bd7 6. a3 f6 7. b4 c4 8. Bf4 fxe5 9. dxe5 g6 10. Nbd2 Bg7 11. h4 Nge7 12. h5 Qc7 13. Qe2 O-O 14. g3 gxh5 15. Rxh5 Ng6 16. Qe3 Nce7 17. Bh3 a5 18. Ng5 Nf5 19. Bxf5 Rxf5 20. Rxh7 Rxg5 21. Rxg7+ Kxg7 22. Bxg5 Qxe5 23. Nf3 Qxe3+ 24. Bxe3 axb4 25. Bd4+ Kf7 26. cxb4 Re8 27. Ne5+ Nxe5 28. Bxe5 Kg6 29. f4 Kf5 30. Ke2 Rg8 31. Kf3 Bc6 32. Bd4 Kg6 33. Re1 Kf7 34. Rh1 Ra8 35. Rh7+ Kg6 36. Rg7+ Kh6 37. Kg4 Rxa3 38. Re7 c3 39. Rxe6+ Kh7 40. Re7+ Kg8 41. Rg7+ Kf8 42. Rh7 c2 43. Rh1 Rd3 44. Bb2 Rd1 45. Rh8+ Kf7 46. Rh7+ Ke6 47. f5+ Kd6 48. Rh6+ Kc7 49. f6 d4 50. f7 Rf1 51. Rh7 Kb6 52. Bxd4+ Kb5 53. Be3 Kxb4 54. Bf4 c1=Q 55. f8=Q+ Kb3 56. Qg8+ Bd5 57. Qxd5+ Qc4 58. Rxb7+ Kc3 59. Qxc4+ Kxc4 60. Rc7+ Kd5 61. Re7 Kc6 62. Re5 Kd6 63. Re3+ Kd7 64. Rf3 1-0


[Site "https://www.chess.com"]

[Event "Titled Tuesday Blitz March 29 Early 2022"]
[White "Garcia Fuentes, Sergio Miguel"]
[Black "Piliczewski, Bogusz"]
[WhiteFideId "7300549"]
[BlackFideId "1104144"]
[WhiteElo "2167"]
[BlackElo "1896"]
[Result "0-1"]
[Round "04"]
[TimeControl "180+1"]
[Date "2022.03.30"]
[WhiteClock "0:00:22"]
[BlackClock "0:00:20"]

1. Nf3 d5 2. d4 Nf6 3. Bf4 Bf5 4. e3 e6 5. c4 c6 6. Qb3 Qb6 7. c5 Qxb3 8. axb3 a6 9. Nc3 Nbd7 10. b4 Rc8 11. h3 h6 12. Nd2 g5 13. Bg3 Bg7 14. Nb3 Ne4 15. Nxe4 dxe4 16. Na5 b5 17. Nb7 Ra8 18. Nd6+ Ke7 19. Be2 Bg6 20. f3 exf3 21. Bxf3 e5 22. Bxc6 exd4 23. Bxa8 Rxa8 24. exd4 Bxd4 25. O-O-O Be3+ 26. Rd2 Bxd2+ 0-1


[Site "https://www.chess.com"]

[Event "Titled Tuesday Blitz March 29 Early 2022"]
[White "Gareyev, Timur"]
[Black "Csonka, Balazs"]
[WhiteFideId "14200937"]
[BlackFideId "742910"]
[WhiteElo "2582"]
[BlackElo "2404"]
[Result "1-0"]
[Round "04"]
[TimeControl "180+1"]
[Date "2022.03.29"]
[WhiteClock "0:01:28"]
[BlackClock "0:00:11"]

1. Nf3 Nf6 2. g3 d5 3. Bg2 c5 4. O-O Nc6 5. d4 cxd4 6. Nxd4 e5 7. Nxc6 bxc6 8. c4 Be6 9. Nc3 Rc8 10. Bg5 d4 11. Ne4 Be7 12. Bxf6 Bxf6 13. Nxf6+ Qxf6 14. Qa4 O-O 15. b3 Rc7 16. Qa5 Rfc8 17. Qc5 Bg4 18. Rfe1 Qe7 19. Qxe7 Rxe7 20. h3 Bh5 21. e3 Rd7 22. g4 Bg6 23. exd4 exd4 24. Bxc6 Rd6 25. Bb7 Rcd8 26. c5 R6d7 27. c6 Rc7 28. Rad1 Bc2 29. Rxd4 1-0


[Site "https://www.chess.com"]

[Event "Titled Tuesday Blitz March 29 Early 2022"]
[White "Golubev, Mikhail"]
[Black "Polanco Nunez, Yoel Estarling"]
[WhiteFideId "14100983"]
[BlackFideId "6401783"]
[WhiteElo "2374"]
[BlackElo "2132"]
[Result "1-0"]
[Round "04"]
[TimeControl "180+1"]
[Date "2022.03.30"]
[WhiteClock "0:00:14"]
[BlackClock "0:00:18"]

1. e4 e5 2. Nf3 Nc6 3. Bb5 Nf6 4. O-O Nxe4 5. Re1 Nd6 6. Bf1 Be7 7. Nc3 O-O 8. d4 exd4 9. Nd5 Nf5 10. g4 Nd6 11. Bf4 Ne8 12. Bb5 Bd6 13. Bg5 f6 14. Bh4 Kh8 15. g5 a6 16. Bd3 Ne5 17. gxf6 Nxf3+ 18. Qxf3 Nxf6 19. Bxf6 gxf6 20. Qh5 Rg8+ 21. Kh1 Qf8 22. Qxh7# 1-0


[Site "https://www.chess.com"]

[Event "Titled Tuesday Blitz March 29 Early 2022"]
[White "Gracia Alvarez, Gerardo Antonio"]
[Black "Krylov, Ivan"]
[WhiteFideId "5109124"]
[BlackFideId "24128066"]
[WhiteElo "2139"]
[BlackElo "2258"]
[Result "1-0"]
[Round "04"]
[TimeControl "180+1"]
[Date "2022.03.30"]
[WhiteClock "0:01:00"]
[BlackClock "0:00:10"]

1. e4 c6 2. c4 d5 3. cxd5 cxd5 4. exd5 Nf6 5. Qa4+ Bd7 6. Qb3 Qb6 7. Nc3 g6 8. Bc4 Bg7 9. Nf3 O-O 10. O-O Na6 11. d4 Nc7 12. Bf4 Rac8 13. Rfe1 Nh5 14. Bg5 Bxd4 15. Qxb6 Bxb6 16. Bxe7 Rfe8 17. d6 Ne6 18. Bd5 Rb8 19. Ne5 Nc5 20. Bxf7+ Kg7 21. Bxe8 Bxe8 22. Rad1 Nd7 23. Nxd7 Bxd7 24. Nd5 Bc5 25. h3 Kf7 26. b4 Bb6 27. g4 Ng7 28. Nf4 Re8 29. Bg5 Ne6 30. Nxe6 Bxe6 31. d7 Rg8 32. d8=Q Bxd8 33. Rxd8 Rxd8 34. Bxd8 1-0


[Site "https://www.chess.com"]

[Event "Titled Tuesday Blitz March 29 Early 2022"]
[White "Grebeniuk, Semen"]
[Black "Aravindh, Chithambaram VR."]
[WhiteFideId "14117509"]
[BlackFideId "5072786"]
[WhiteElo "2234"]
[BlackElo "2561"]
[Result "0-1"]
[Round "04"]
[TimeControl "180+1"]
[Date "2022.03.29"]
[WhiteClock "0:01:14"]
[BlackClock "0:00:36"]

1. d4 g6 2. Nf3 Bg7 3. c3 d6 4. Bg5 h6 5. Bh4 g5 6. Bg3 f5 7. e3 Nf6 8. Nfd2 Nc6 9. h4 g4 10. h5 Be6 11. Bd3 Qd7 12. e4 fxe4 13. Nxe4 O-O-O 14. Nxf6 Bxf6 15. O-O Bf7 16. Qc2 Kb8 17. Bg6 Bxg6 18. Qxg6 Rhg8 19. Qxh6 Rh8 20. Qg6 Rdg8 21. Qe4 Rxh5 22. Nd2 d5 23. Qd3 Nxd4 24. cxd4 Rgh8 25. f3 Qb5 26. Qxb5 Bxd4+ 0-1


[Site "https://www.chess.com"]

[Event "Titled Tuesday Blitz March 29 Early 2022"]
[White "Gu, Xiaobing"]
[Black "Karavaeva, Olga"]
[WhiteFideId "8602611"]
[BlackFideId "4124111"]
[WhiteElo "2174"]
[BlackElo "2105"]
[Result "0-1"]
[Round "04"]
[TimeControl "180+1"]
[Date "2022.03.30"]
[WhiteClock "0:00:48"]
[BlackClock "0:01:27"]

1. e4 c5 2. Nf3 e6 3. c4 d5 4. exd5 exd5 5. cxd5 Qxd5 6. Nc3 Qd8 7. d4 Nf6 8. Bc4 Bg4 9. O-O cxd4 10. Qb3 Be7 11. Bxf7+ Kf8 12. Ne5 dxc3 13. Qxb7 Nbd7 14. Nxg4 Kxf7 15. Rd1 Rb8 16. Ne5+ Nxe5 0-1


[Site "https://www.chess.com"]

[Event "Titled Tuesday Blitz March 29 Early 2022"]
[White "Guseva, Marina"]
[Black "Silva, Mariana Sofia T."]
[WhiteFideId "4149351"]
[BlackFideId "1911899"]
[WhiteElo "2160"]
[BlackElo "1825"]
[Result "1-0"]
[Round "04"]
[TimeControl "180+1"]
[Date "2022.03.30"]
[WhiteClock "0:00:14"]
[BlackClock "0:00:05"]

1. d4 Nf6 2. Nf3 e6 3. Bf4 d5 4. e3 c5 5. Nbd2 Nc6 6. c3 Bd6 7. Bg3 O-O 8. Bd3 c4 9. Bc2 b5 10. e4 dxe4 11. Nxe4 Nxe4 12. Bxe4 Bb7 13. Bxd6 Qxd6 14. Ng5 h6 15. Nf3 Rab8 16. Qe2 Ne7 17. Bxb7 Rxb7 18. O-O Nd5 19. a3 a5 20. Ne5 Rfb8 21. g3 Nf6 22. Rfd1 Qd5 23. Rac1 Rc8 24. Re1 b4 25. cxb4 axb4 26. Rxc4 Rcb8 27. a4 b3 28. Rec1 g6 29. Nc6 Ra8 30. Qe5 Qd7 31. Qxf6 Ra6 32. Ne5 1-0


[Site "https://www.chess.com"]

[Event "Titled Tuesday Blitz March 29 Early 2022"]
[White "Hamley, Ryan"]
[Black "Sapunov, Evgeny"]
[WhiteFideId "30959497"]
[BlackFideId "4126661"]
[WhiteElo "2529"]
[BlackElo "2703"]
[Result "0-1"]
[Round "04"]
[TimeControl "180+1"]
[Date "2022.03.30"]
[WhiteClock "0:00:03"]
[BlackClock "0:00:32"]

1. d4 Nf6 2. Bf4 d6 3. Nd2 Nc6 4. Ngf3 Nh5 5. Bg3 g6 6. e3 Nxg3 7. hxg3 Bg7 8. c4 e5 9. d5 Nb8 10. e4 a5 11. b3 Na6 12. a3 Bd7 13. Qc2 O-O 14. Be2 Qe7 15. Rb1 c5 16. Nf1 Nc7 17. Ne3 b5 18. g4 h6 19. O-O Rfb8 20. Rfc1 b4 21. a4 Bf6 22. Rf1 Kg7 23. g3 Rh8 24. Kg2 Raf8 25. Rh1 Ne8 26. Nh4 Bg5 27. Qd3 Nf6 28. f3 Nh7 29. Rbf1 Re8 30. Bd1 Bc8 31. Bc2 Rhf8 32. f4 Bf6 33. f5 Bg5 34. Rf2 Rh8 35. Nf3 Ref8 36. Kf1 Bd7 37. Ke2 Nf6 38. Nxg5 hxg5 39. Rfh2 Qd8 40. Kd2 Rxh2+ 41. Rxh2 Rh8 42. Qe2 Qg8 43. Qf2 Rh7 44. Rg2 Qh8 45. Qf3 Rh2 46. Bd1 Qh3 47. Rxh2 Qxh2+ 48. Be2 Qxg3 49. Kd3 Qf4 50. Ng2 Qh2 51. Bd1 gxf5 52. gxf5 g4 53. Qe3 Qh3 54. Be2 Qxe3+ 55. Kxe3 Kh6 56. Bd3 Kg5 57. Kf2 Nh5 58. Ke3 f6 59. Be2 Nf4 60. Bf1 Be8 61. Ne1 g3 62. Kf3 Kh4 63. Ng2+ Nxg2 64. Kxg2 Bh5 0-1


[Site "https://www.chess.com"]

[Event "Titled Tuesday Blitz March 29 Early 2022"]
[White "Heinemann, Josefine"]
[Black "Koellner, Ruben Gideon"]
[WhiteFideId "12900460"]
[BlackFideId "12993093"]
[WhiteElo "2300"]
[BlackElo "2541"]
[Result "1-0"]
[Round "04"]
[TimeControl "180+1"]
[Date "2022.03.30"]
[WhiteClock "0:00:22"]
[BlackClock "0:00:02"]

1. Nf3 Nf6 2. g3 d5 3. Bg2 Nbd7 4. O-O e5 5. c4 c6 6. cxd5 cxd5 7. d4 e4 8. Ne5 Nxe5 9. dxe5 Ng4 10. Nc3 Be6 11. Qd4 Rc8 12. h3 Rc4 13. Qxa7 Nxe5 14. Qxb7 Be7 15. Bf4 Bf6 16. Rfd1 Rxc3 17. bxc3 O-O 18. Bxe4 Qa5 19. Bxd5 Bxh3 20. Qb4 Qa7 21. Be3 Qc7 22. a4 Ng4 23. Bd4 Be7 24. Qc4 Qd6 25. a5 Qh6 26. Bf3 Qg6 27. Qd3 Qh5 28. a6 1-0


[Site "https://www.chess.com"]

[Event "Titled Tuesday Blitz March 29 Early 2022"]
[White "Hernandez Jimenez, Alexander Andres"]
[Black "Kozak, Antoni"]
[WhiteFideId "3900452"]
[BlackFideId "21832030"]
[WhiteElo "2309"]
[BlackElo "2638"]
[Result "0-1"]
[Round "04"]
[TimeControl "180+1"]
[Date "2022.03.30"]
[WhiteClock "0:00:02"]
[BlackClock "0:00:13"]

1. e4 c6 2. d4 d5 3. exd5 cxd5 4. Bd3 Nc6 5. c3 Qc7 6. Ne2 Bg4 7. f3 Bd7 8. Bf4 e5 9. dxe5 Nxe5 10. O-O Bd6 11. Kh1 Ne7 12. Nd4 a6 13. Bc2 Nc4 14. Bxd6 Qxd6 15. Qe2 O-O 16. b3 Ne5 17. Re1 N7g6 18. f4 Nxf4 19. Qf1 Nfg6 20. Nd2 Rac8 21. Nf5 Bxf5 22. Qxf5 Rxc3 23. Rad1 Qf6 24. Nb1 Qxf5 25. Bxf5 Rc5 26. b4 Rc4 27. Rxd5 Rxb4 28. Rdxe5 Nxe5 29. Rxe5 g6 30. Bc2 Rc8 0-1


[Site "https://www.chess.com"]

[Event "Titled Tuesday Blitz March 29 Early 2022"]
[White "Horak, Martin"]
[Black "Dev, Shah"]
[WhiteFideId "367095"]
[BlackFideId "35019058"]
[WhiteElo "1997"]
[BlackElo "2075"]
[Result "0-1"]
[Round "04"]
[TimeControl "180+1"]
[Date "2022.03.30"]
[WhiteClock "0:00:08"]
[BlackClock "0:01:31"]

1. d4 d5 2. c4 c6 3. Nf3 Nf6 4. g3 Bf5 5. cxd5 cxd5 6. Nc3 Nc6 7. a3 e6 8. Bg2 Bd6 9. O-O h6 10. Qb3 a6 11. Bf4 O-O 12. Bxd6 Qxd6 13. Na4 Nd7 14. Rfc1 Na5 15. Qb4 Qxb4 16. axb4 Nb3 17. Rc7 Nxa1 18. Rxd7 Rfd8 19. Rxb7 Rab8 20. Ra7 Rxb4 21. Rxa6 Nc2 22. e3 Bd3 23. Ra7 Bb5 24. Nc3 Bc4 25. Ne5 Rxb2 26. Nxf7 Rf8 27. Ne5 Rb3 28. Nxc4 dxc4 29. Ne4 Rb1+ 30. Bf1 Nxe3 31. fxe3 Rbxf1+ 32. Kg2 Re1 33. Ra3 Rb8 34. Rc3 Rb2+ 35. Kf3 Rf1+ 36. Kg4 Rxh2 37. Rxc4 Rf5 38. Rc8+ Kh7 0-1


[Site "https://www.chess.com"]

[Event "Titled Tuesday Blitz March 29 Early 2022"]
[White "Iljin, Timofey"]
[Black "Vysochin, Spartak"]
[WhiteFideId "14110180"]
[BlackFideId "14103516"]
[WhiteElo "2472"]
[BlackElo "2693"]
[Result "0-1"]
[Round "04"]
[TimeControl "180+1"]
[Date "2022.03.30"]
[WhiteClock "0:00:32"]
[BlackClock "0:01:36"]

1. e4 e6 2. f4 d5 3. e5 c5 4. Nf3 Nc6 5. g3 Nge7 6. Bg2 Nf5 7. O-O Be7 8. d3 O-O 9. Qe1 b5 10. h3 a5 11. a4 b4 12. Qf2 Ba6 13. g4 Nh4 14. Nxh4 Bxh4 15. Qxc5 Rc8 16. Qe3 b3 17. c3 d4 18. cxd4 Nxd4 19. Na3 Be7 20. Qe4 Nc2 21. Nxc2 Bxd3 22. Qe3 Bc5 23. Rd1 bxc2 24. Rxd3 Qxd3 0-1


[Site "https://www.chess.com"]

[Event "Titled Tuesday Blitz March 29 Early 2022"]
[White "Jarocka, Liwia"]
[Black "Borodavkin, Anatoly"]
[WhiteFideId "21807558"]
[BlackFideId "14150662"]
[WhiteElo "1896"]
[BlackElo "1845"]
[Result "1-0"]
[Round "04"]
[TimeControl "180+1"]
[Date "2022.03.30"]
[WhiteClock "0:01:13"]
[BlackClock "0:00:01"]

1. d4 d5 2. Nf3 Nc6 3. g3 Bf5 4. Bg2 Nf6 5. O-O e6 6. Ne5 Bd6 7. Nxc6 bxc6 8. c4 O-O 9. Nc3 Rb8 10. a3 c5 11. cxd5 exd5 12. dxc5 Bxc5 13. Nxd5 Ng4 14. e4 Be6 15. b4 Bxf2+ 16. Rxf2 Nxf2 17. Kxf2 Bxd5 18. Bf4 Bc6 19. Qc2 Qf6 20. e5 Qe6 21. Qxc6 Qb3 22. Rc1 Rbd8 23. Qc3 Qa2+ 24. Rc2 Qb1 25. Rd2 Rxd2+ 26. Qxd2 Qa1 27. Qe3 Qa2+ 28. Kg1 Rd8 29. Bf3 h6 30. Be2 Rd7 31. Kf2 Qb1 32. h4 Qa2 33. b5 Rd1 34. Qxa7 1-0


[Site "https://www.chess.com"]

[Event "Titled Tuesday Blitz March 29 Early 2022"]
[White "Jary, Sergey"]
[Black "Estrada Nieto, Julian"]
[WhiteFideId "14110350"]
[BlackFideId "5101018"]
[WhiteElo "2260"]
[BlackElo "2246"]
[Result "1-0"]
[Round "04"]
[TimeControl "180+1"]
[Date "2022.03.30"]
[WhiteClock "0:00:34"]
[BlackClock "0:00:01"]

1. e4 e5 2. Nf3 Nc6 3. d4 exd4 4. Bc4 Bc5 5. c3 d6 6. cxd4 Bb6 7. Bb5 Bd7 8. Nc3 Nf6 9. O-O O-O 10. h3 Ne7 11. Bd3 Re8 12. Bg5 Ng6 13. Kh1 h6 14. Bxf6 Qxf6 15. Nd5 Qd8 16. Rc1 c6 17. Nxb6 axb6 18. Bb1 Nh4 19. Nxh4 Qxh4 20. Kg1 Re6 21. e5 c5 22. Qd3 Rg6 23. Qf3 Rg5 24. Qxb7 Rd8 25. Qe4 Qxe4 26. Bxe4 cxd4 27. f4 Rg3 28. exd6 Bxh3 29. Rc6 Re8 30. Kh2 Re3 31. gxh3 R3xe4 32. d7 Re2+ 33. Kg1 R8e3 34. d8=Q+ Kh7 35. Qh4 d3 36. Rcc1 d2 37. Rcd1 b5 38. f5 b4 39. f6 g5 40. Qf2 Rxf2 41. Kxf2 Rxh3 42. Rxd2 Rh2+ 43. Ke3 Rh3+ 44. Kd4 Kg6 45. Kc5 Rh4 46. Rd4 Rh2 47. Rxb4 Rg2 48. a4 g4 49. a5 g3 50. Rf3 h5 51. a6 h4 52. Rxh4 1-0


[Site "https://www.chess.com"]

[Event "Titled Tuesday Blitz March 29 Early 2022"]
[White "Jaskolka, Tomasz"]
[Black "Karolczuk, Iwo"]
[WhiteFideId "1170791"]
[BlackFideId "21816972"]
[WhiteElo "2428"]
[BlackElo "2673"]
[Result "1/2-1/2"]
[Round "04"]
[TimeControl "180+1"]
[Date "2022.03.30"]
[WhiteClock "0:00:07"]
[BlackClock "0:00:07"]

1. d4 Nf6 2. Bf4 b6 3. e3 Bb7 4. Nf3 g6 5. Nbd2 Bg7 6. c3 O-O 7. Bd3 d6 8. Qe2 Nbd7 9. h4 Qe8 10. h5 e5 11. hxg6 exf4 12. gxh7+ Kh8 13. O-O-O fxe3 14. fxe3 Ng4 15. e4 f5 16. Nh4 Nh6 17. exf5 Qxe2 18. Ng6+ Kxh7 19. Nxf8+ Rxf8 20. Bxe2 Bxg2 21. Rh2 Bd5 22. Bd3 Nf6 23. Rg1 c5 24. dxc5 dxc5 25. Rg6 Bf7 26. Rhxh6+ Bxh6 27. Rxf6 Bf4 28. Kc2 Kg7 29. Rc6 Bd5 30. Rg6+ Kf7 31. c4 Ba8 32. Ne4 Rg8 33. Rf6+ Ke7 34. Re6+ Kf7 35. Nd6+ Bxd6 36. Rxd6 Ke7 37. Rh6 Rf8 38. Kc3 Rf6 39. Rh7+ Rf7 40. Rh8 Bc6 41. Rh6 Bd7 42. Rh5 Kf6 43. a3 Ke5 44. b4 Bxf5 45. bxc5 bxc5 46. Bxf5 Rxf5 47. Rxf5+ Kxf5 48. Kb3 Ke4 49. Ka4 Kd4 50. Kb5 a6+ 51. Kxa6 Kxc4 52. Kb6 Kb3 53. Kxc5 Kxa3 1/2-1/2


[Site "https://www.chess.com"]

[Event "Titled Tuesday Blitz March 29 Early 2022"]
[White "Kamsky, Gata"]
[Black "Andreikin, Dmitry"]
[WhiteFideId "2000024"]
[BlackFideId "4158814"]
[WhiteElo "2645"]
[BlackElo "2736"]
[Result "1/2-1/2"]
[Round "04"]
[TimeControl "180+1"]
[Date "2022.03.29"]
[WhiteClock "0:02:42"]
[BlackClock "0:02:58"]

1. d4 d5 2. Bf4 Nf6 3. e3 c5 4. c3 Nc6 5. Nd2 g6 6. Ngf3 Bg7 7. h3 O-O 8. Be2 Nd7 9. O-O e5 10. dxe5 Ndxe5 11. Nxe5 1/2-1/2


[Site "https://www.chess.com"]